 Dungeon Crawl Stone Soup version 0.30-a0-778-g2ef04afb54 (webtiles) character file.

Game seed: 1917439484365839455

109 Pimp the Trooper (level 4, -8/37 HPs)
             Began as a Demonspawn Fighter on Feb 16, 2023.
             Mangled by Crazy Yiuf
             ... wielding a +2 quarterstaff of chaos
              (13 damage)
             ... on level 2 of the Dungeon.
             The game lasted 00:02:53 (1546 turns).

Pimp the Trooper (Demonspawn Fighter)               Turns: 1546, Time: 00:02:54

Health: -8/37      AC:  6    Str: 18    XL:     4   Next: 59%
Magic:  4/4        EV:  9    Int:  9    God:
Gold:   70         SH:  4    Dex: 13    Spells: 3/3 levels left

rFire   . . .      SeeInvis .    i - +1 falchion (venom)
rCold   . . .      Faith    .    c - +0 buckler
rNeg    . . .      Spirit   .    b - +0 scale mail
rPois   .          Reflect  .    (no helmet)
rElec   .          Harm     .    (no cloak)
rCorr   .          Rampage  .    (no gloves)
Will    .....                    (no boots) Stlth
                                 (no amulet)
HPRegen 0.26/turn                (no ring)
MPRegen 0.09/turn                (no ring)

@: lethally poisoned (-8 -> -13), silenced
A: claws 1, ignite blood 1, powered by pain 1
a: no special abilities


You were on level 2 of the Dungeon.
You visited 1 branch of the dungeon, and saw 2 of its levels.

You collected 70 gold pieces.

Inventory:

Hand Weapons
 a - a +0 war axe
 i - a +1 falchion of venom (weapon)
Armour
 b - a +0 scale mail (worn)
 c - a +0 buckler (worn)
Scrolls
 e - a scroll of identify
 f - a scroll of vulnerability
Potions
 d - 2 potions of might
 h - a potion of attraction
 j - a potion of heal wounds
 k - 2 potions of curing
 l - a potion of haste


   Skills:
 + Level 4.1 Fighting
 + Level 0.7 Long Blades
 + Level 2.2 Axes
 + Level 3.2 Armour
 + Level 0.5 Dodging
 + Level 3.0 Shields


You had 3 spell levels left.
You didn't know any spells.
Your spell library was empty.

Dungeon Overview and Level Annotations

Branches:
Dungeon (2/15)

Altars:

Annotations:
D:2 Crazy Yiuf


Innate Abilities, Weirdness & Mutations

You have sharp fingernails.
Your demonic aura sometimes causes spilled blood to erupt in flames.
You sometimes gain a little power by taking damage.


Message History

You block Natasha's attack. Natasha claws you but does no damage.
You hit Natasha.
Natasha is almost dead.
You kill Natasha!
You feel Natasha's spirit has finally been put to rest.
You see here the felid corpse of Natasha.
n - a scroll labelled YPLOKA DEGUBLA You open the door.
There is an open door here.
Found a hammer.
Found a runed translucent door.
Crazy Yiuf shouts!
Crazy Yiuf says, "Announcement agre shoe!"
As you read the scroll labelled FIL AXZIHEJILE, it crumbles to dust.
It is a scroll of identify.
k - 2 potions of curing
As you read the scroll of identify, it crumbles to dust.
l - a potion of haste
As you read the scroll of identify, it crumbles to dust.
f - a scroll of vulnerability Unknown command.
As you read the scroll labelled ZOAMITU ATALA, it crumbles to dust.
You feel aware of your surroundings.
It was a scroll of magic mapping.
As you read the scroll labelled CUURAVV EPIS, it crumbles to dust.
You assume a fearsome visage.
Nothing appears to happen.
It was a scroll of fear.
Crazy Yiuf cries, "Goober mobile toodlewoodle!"
As you read the scroll labelled YPLOKA DEGUBLA, it crumbles to dust.
A profound silence engulfs you.
It was a scroll of silence.
You open the door. You barely miss Crazy Yiuf.
Crazy Yiuf hits you with a +2 quarterstaff of chaos!
You closely miss Crazy Yiuf.
Crazy Yiuf hits you with a +2 quarterstaff of chaos. x2
You are poisoned.
You barely miss Crazy Yiuf.
You feel very sick.
Crazy Yiuf hits you with a +2 quarterstaff of chaos!
* * * LOW HITPOINT WARNING * * *
You are electrocuted!
You die...

*,* #....#
*,* #....#
*,* #....#
*+**** ***
#...##
,,,,,* *,*
##.## ,,,,,*
*,* #.##
,,,,,* *,*
##.# ,,,,,*
*,* #.##
,,,,,* *,*
##@#
*+********,*
*#g#*
*,*,,,,,,*,*
*...*
*,*,****,*,*
#...#
*,,,,,,,,*,*
#..)#
***,******,*
##### ,,,,,*
*,* ***,,*
*,*
************
,,,,,* *,*
*,,,,,,,,,,*


You could see Crazy Yiuf.

Vanquished Creatures
  Natasha (thrice) (D:2)
  3 ball pythons
  7 endoplasms
  3 giant cockroaches (D:1)
  3 goblins
  A hobgoblin (D:1)
  2 kobolds
  A quokka (D:1)
  3 bats
  2 frilled lizards (D:2)
  8 rats
36 creatures vanquished.

Notes
Turn   | Place    | Note
-------+----------+-------------------------------------------
     0 | D:1      | Pimp the Demonspawn Fighter began the quest for the Orb.
     0 | D:1      | Reached XP level 1. HP: 18/18 MP: 1/1
   145 | D:1      | Gained mutation: You sometimes gain a little power by
                  | taking damage. [demonic ancestry]
   145 | D:1      | Reached XP level 2. HP: 22/24 MP: 2/2
   328 | D:1      | Found a faded altar of an unknown god.
   953 | D:2      | Gained mutation: Your demonic aura sometimes causes spilled
                  | blood to erupt in flames. [demonic ancestry]
   953 | D:2      | Reached XP level 3. HP: 23/29 MP: 3/3
  1080 | D:2      | Noticed Natasha
  1086 | D:2      | Killed Natasha
  1295 | D:2      | Noticed Natasha
  1305 | D:2      | Killed Natasha
  1306 | D:2      | Reached skill level 4 in Fighting
  1306 | D:2      | Gained mutation: You have sharp fingernails. [demonic
                  | ancestry]
  1306 | D:2      | Reached XP level 4. HP: 20/37 MP: 4/4
  1435 | D:2      | Noticed Natasha
  1440 | D:2      | Killed Natasha
  1533 | D:2      | Found a runed translucent door.
  1534 | D:2      | Noticed Crazy Yiuf
  1546 | D:2      | Mangled by Crazy Yiuf

Illustrated notes

Levels and vault maps discovered:
D:1:      roderic_dead_forest, layout_loops_ring,
          shapermc_ecumenical_altar_notcrosses, corexii_item_surrounded_by_moat,
          minmay_pentomino_z2
D:2:      layout_basic, dreamdust_princess_bridge,
          minmay_misc_feat_four_crosses, minmay_misc_feat_plants, uniq_natasha,
          uniq_crazy_yiuf_cottage

Skill      XL: |  1  2  3 |
---------------+----------+-----
Armour         | 3 |  3.2
Axes           | 2 |  2.2
Shields        | 3 |  3.0
Fighting       | 4 |  4.1
Long Blades    | |  0.7
Dodging        | |  0.5

Action                     |  1- 3 |  4- 6 || total
---------------------------+-------+-------++-------
  Melee: War axe           |    12 |       ||    12
         Falchion          |    64 |    11 ||    75
    Use: Potion            |     3 |       ||     3
         Scroll            |       |     6 ||     6
 Armour: Scale mail        |    44 |     2 ||    46
  Dodge: Dodged            |    31 |     2 ||    33
  Block: Buckler           |    14 |     1 ||    15

Table legend: (Time is in decaauts)
 A = Elapsed time spent in this place.
 B = Non-inter-level travel time spent in this place.
 C = Inter-level travel time spent in this place.
 D = Time resting spent in this place.
 E = Time spent auto-exploring this place.
 F = Levels seen in this place.
 G = Mean time per level.
                   A        B        C        D        E       F      G
               +--------+--------+--------+--------+--------+-----+--------+
         Total |   1586 |   1582 |      4 |     51 |   1220 |   2 |  793.0 |
       Dungeon |   1586 |   1582 |      4 |     51 |   1220 |   2 |  793.0 |
               +--------+--------+--------+--------+--------+-----+--------+

Top non-repeatable levels by time:
     D:1: 798 daAuts
     D:2: 787 daAuts
